 Dungeon Crawl Stone Soup version 0.32-a0-868-g153ae1a8d6 (webtiles) character file.

Game seed: 3018583252003676141

130 BubbleThief the Shooter (level 5, -10/38 HPs)
             Began as a Coglin Hunter on Mar 28, 2024.
             Was an Initiate of Gozag.
             Mangled by an ice beast (14 damage)
             ... on level 5 of the Dungeon.
             The game lasted 00:02:07 (1992 turns).

BubbleThief the Shooter (Coglin Hunter)             Turns: 1992, Time: 00:02:08

Health: -10/38     AC:  5    Str: 11    XL:     5   Next: 14%
Magic:  5/5        EV: 11    Int:  8    God:    Gozag
Gold:   142        SH:  0    Dex: 20    Spells: 4/4 levels left

rFire   . . .        a - +2 sling {Psammuthes}
rCold   . . .        d - +0 sling {Kiko}
rNeg    . . .        c - +0 leather armour
rPois   .            n - +0 helmet
rElec   .            k - +0 cloak
rCorr   .            (no gloves)
SInv    .            (no boots)
Will    .....        (amulet unavailable)
Stlth   ++           (ring unavailable)
HPRegen 0.26/turn    (ring unavailable)
MPRegen 0.09/turn    (no gizmo)

%: no passive effects
@: revved
A: off-hand wielding, slow wielding, warmup strikes, no jewellery
a: Invent Gizmo, Renounce Religion, Potion Petition, Call Merchant, Bribe Branch


You were on level 5 of the Dungeon.
You worshipped Gozag.
Gozag was aware of your devotion.
You visited 1 branch of the dungeon, and saw 5 of its levels.

You collected 180 gold pieces.
You paid 38 gold pieces to Gozag.

Inventory:

Hand Weapons
 a - a +2 sling (weapon) {Psammuthes}
 d - a +0 sling (offhand) {Kiko}
Missiles
 g - 4 datura-tipped darts
Armour
 c - a +0 leather armour (worn)
 k - a +0 cloak (worn)
 n - a +0 helmet (worn)
Wands
 m - a wand of flame (12)
Scrolls
 b - a scroll of butterflies
 f - 2 scrolls of revelation {unknown}
 i - a scroll of brand weapon {unknown}
 j - a scroll of poison {unknown}
 l - a scroll of teleportation {unknown}
 o - a scroll of amnesia {unknown}
 p - a scroll of fear {unknown}
 q - a scroll of noise {unknown}
 t - a scroll of enchant armour {unknown}
Potions
 e - a potion of magic {unknown}
 h - a potion of heal wounds {unknown}
 r - a potion of lignification {unknown}
 s - a potion of attraction {unknown}


   Skills:
 - Level 2.0 Fighting
 + Level 5.7 Ranged Weapons
 - Level 1.7 Dodging
 - Level 0.7 Stealth


You had 4 spell levels left.
You didn't know any spells.
Your spell library was empty.

Dungeon Overview and Level Annotations

Branches:
Dungeon (5/15)
 Temple: D:4-7

Altars:
Cheibriados
Dithmenos
Fedhas
Gozag
Sif Muna
Vehumet
Wu Jian
Zin


Innate Abilities, Weirdness & Mutations

You can wield a second weapon in your off-hand.
It takes a long time for you to wield or remove held weapons.
Your first few attacks do less damage.
You cannot equip rings or amulets.


Message History

You shoot a sling bullet.
The sling bullet hits the ice beast but does no damage.
You shoot a sling bullet. The sling bullet hits the ice beast.
The ice beast is lightly wounded.
The ice beast is distracted by your dazzling golden aura.
You shoot a sling bullet. The sling bullet hits the ice beast!
The ice beast is no longer distracted by gold.
The ice beast is moderately wounded.
You shoot a sling bullet.
The sling bullet closely misses the ice beast.
The ice beast hits you but does no damage.
You shoot a sling bullet.
The sling bullet barely misses the ice beast.
You shoot a sling bullet.
The sling bullet hits the ice beast but does no damage.
The ice beast is moderately wounded.
The ice beast barely misses you.
You shoot a sling bullet. The sling bullet hits the ice beast!
The ice beast is severely wounded.
You shoot a sling bullet. The sling bullet hits the ice beast.
The ice beast is severely wounded.
The ice beast barely misses you. The ice beast hits you.
The ice beast freezes you.
* * * LOW HITPOINT WARNING * * *
You shoot a sling bullet.
The sling bullet hits the ice beast but does no damage.
The ice beast is severely wounded.
You shoot a sling bullet.
The sling bullet closely misses the ice beast.
The ice beast closely misses you.
Unknown command.
You shoot a sling bullet.
The sling bullet closely misses the ice beast.
You shoot a sling bullet. The sling bullet hits the ice beast.
The ice beast is severely wounded.
The ice beast hits you.
* * * LOW HITPOINT WARNING * * *
The ice beast freezes you!
You die...
Your body crumbles into a pile of gold.

#.#
#.#
#.#
#.#
#.#
#.#
#Y#
#@#
###


You could see an ice beast.

Vanquished Creatures
  An orc priest (D:4)
  Natasha (D:2)
  3 adders
  3 ribbon worms
  An orc (D:3)
  6 ball pythons
  4 endoplasms
  4 giant cockroaches (D:2)
  2 goblins
  A hobgoblin (D:1)
  3 jackals
  A kobold (D:2)
  2 quokkas
  5 bats
  5 frilled lizards
  2 rats
44 creatures vanquished.

Notes
Turn   | Place    | Note
-------+----------+-------------------------------------------
     0 | D:1      | BubbleThief the Coglin Hunter began the quest for the Orb.
     0 | D:1      | Reached XP level 1. HP: 16/16 MP: 1/1
   255 | D:1      | Reached skill level 4 in Ranged Weapons
   255 | D:1      | Reached XP level 2. HP: 22/22 MP: 2/2
   661 | D:2      | Reached XP level 3. HP: 27/27 MP: 3/3
   838 | D:2      | Noticed Natasha
   844 | D:2      | Killed Natasha
   845 | D:2      | Reached skill level 5 in Ranged Weapons
   845 | D:2      | Reached XP level 4. HP: 33/33 MP: 4/4
  1632 | D:3      | Found a blossoming altar of Fedhas.
  1635 | D:3      | Found an ornate altar of the Wu Jian Council.
  1635 | D:3      | Found a glowing silver altar of Zin.
  1648 | D:3      | Found a shadowy altar of Dithmenos.
  1651 | D:3      | Found a snail-covered altar of Cheibriados.
  1775 | D:3      | Found an opulent altar of Gozag.
  1779 | D:3      | Found a radiant altar of Vehumet.
  1781 | D:3      | Found a shimmering blue altar of Sif Muna.
  1789 | D:3      | Became a worshipper of Gozag Ym Sagoz the Greedy
  1980 | D:4      | Reached XP level 5. HP: 27/38 MP: 5/5
  1985 | D:5      | Entered Level 5 of the Dungeon
  1985 | D:5      | Noticed an ice beast
  1992 | D:5      | Mangled by an ice beast

Illustrated notes

Levels and vault maps discovered:
D:1:      lemuel_arrival_lava_pool, layout_basic
D:2:      layout_basic, minmay_door_square, minmay_unequal, uniq_natasha
D:3:      layout_loops_ring, minmay_overflow_temple_star_hex,
          grunt_temple_overflow_diamond, reono_crystal_passage,
          kennysheep_potato
D:4:      minmay_angry_zag, layout_basic, nicolae_ossuary_entry_giza,
          serial_aquarium, aquarium_bridge_square [aquarium_subvault_wall,
          aquarium_subvault_window, aquarium_subvault_bridge,
          aquarium_subvault_balcony], aquarium_window_fake, aquarium_window_1,
          aquarium_window_1, aquarium_view_2b, aquarium_view_2b,
          aquarium_pool_1, uniq_duvessa
D:5:      layout_basic, minmay_temple_entry_arrows, minivault_4, uniq_ijyb

Skill      XL: |  1  2  3 |
---------------+----------+-----
Ranged Weapons | 4 5 |  5.7
Fighting       | |  2.0
Dodging        | |  1.7
Stealth        | |  0.7

Action                     |  1- 3 |  4- 6 || total
---------------------------+-------+-------++-------
  Melee: Sling             |       |     2 ||     2
   Fire: Sling             |   116 |   100 ||   216
 Armour: Leather armour    |     5 |    14 ||    19
  Dodge: Dodged            |     3 |    19 ||    22

Table legend: (Time is in decaauts)
 A = Elapsed time spent in this place.
 B = Non-inter-level travel time spent in this place.
 C = Inter-level travel time spent in this place.
 D = Time resting spent in this place.
 E = Time spent auto-exploring this place.
 F = Levels seen in this place.
 G = Mean time per level.
                   A        B        C        D        E       F      G
               +--------+--------+--------+--------+--------+-----+--------+
         Total |   2013 |   1913 |    100 |      0 |   1649 |   5 |  402.6 |
       Dungeon |   2013 |   1913 |    100 |      0 |   1649 |   5 |  402.6 |
               +--------+--------+--------+--------+--------+-----+--------+

Top non-repeatable levels by time:
     D:3: 853 daAuts
     D:2: 596 daAuts
     D:1: 508 daAuts
     D:4: 47 daAuts
     D:5: 7 daAuts
